[Event "Friday 12 January Rapid Engine Tour12+1 Rponds 9 Starts 1600 ST"]
[Site "Infinity Chess"]
[Date "2018.1.12"]
[Round "9"]
[White "MedusaV3"]
[Black "MarioDeMonti"]
[Result "0-1"]
[ECO "C26"]
[WhiteElo "2333"]
[BlackElo "2407"]
[WhiteEngine "komodo-11.2.2-64bit"]
[BlackEngine "stockfish_x64_bmi2_2018_01_01_CTG"]
[EventType "Swiss"]
[WhiteTeam ""]
[BlackTeam ""]
[PlyCount "38"]
[TimeControl "720+1"]

1. e4 e5 2. Nc3 Nf6 3. Nf3 Nc6 4. Bb5 Nd4 5. Ba4 Bc5 6. d3 c6 7. Nxe5 d6 
8. Nf3 Bg4 9. h3 Bxf3 10. gxf3 O-O 11. Kf1 a5 12. Bb3 Re8 13. a3 d5 14. Ba2 Qd6 
15. a4 Nh5 16. h4 Rad8 17. exd5 Ng3+ 18. fxg3 Qxg3 19. Ne4 Rxe4 0-1

[Event "Friday 12 January Rapid Engine Tour12+1 Rponds 9 Starts 1600 ST"]
[Site "Infinity Chess"]
[Date "2018.1.12"]
[Round "9"]
[White "Satria_Ungu"]
[Black "hafaba"]
[Result "1/2-1/2 "]
[ECO "A05"]
[WhiteElo "2408"]
[BlackElo "2384"]
[WhiteEngine "Houdini 6"]
[BlackEngine "SF_McBRAIN64BIT_POPCNT_CTG"]
[EventType "Swiss"]
[WhiteTeam ""]
[BlackTeam ""]
[PlyCount "108"]
[TimeControl "720+1"]

1. Nf3 Nf6 2. d4 d5 3. c4 e6 4. Nc3 c6 5. Bg5 dxc4 6. e4 b5 7. e5 h6 8. Bh4 g5 
9. Nxg5 hxg5 10. Bxg5 Nbd7 11. exf6 Bb7 12. g3 c5 13. d5 Qb6 14. Bg2 O-O-O 
15. O-O b4 16. Rb1 Qa6 17. dxe6 Bxg2 18. e7 Bxf1 19. Kxf1 Bxe7 20. fxe7 Rdg8 
21. Ne4 c3+ 22. Kg1 Rxg5 23. Nxg5 Qg6 24. bxc3 Qxg5 25. Qe2 Qe5 26. Qa6+ Kb8 
27. Qb5+ Kc7 28. cxb4 Qe4 29. bxc5 Ne5 30. Rb3 Qe1+ 31. Kg2 Qe4+ 32. Kf1 Qh1+ 
33. Ke2 Qc6 34. Qxc6+ Nxc6 35. Re3 Re8 36. f4 Nxe7 37. g4 Kd7 38. Kf3 f5 
39. gxf5 Rf8 40. Ra3 Rxf5 41. Rxa7+ Kd8 42. Ra5 Rh5 43. Kg3 Nd5 44. h4 Kc7 
45. Ra6 Rf5 46. Ra8 Kc6 47. Ra6+ Kb5 48. Rg6 Kxc5 49. Kg4 Rxf4+ 50. Kg3 Ra4 
51. h5 Ra7 52. h6 Kd4 53. h7 Rxh7 54. a4 Kc5 1/2-1/2

[Event "Friday 12 January Rapid Engine Tour12+1 Rponds 9 Starts 1600 ST"]
[Site "Infinity Chess"]
[Date "2018.1.12"]
[Round "9"]
[White "ocirema"]
[Black "miguello"]
[Result "1/2-1/2"]
[ECO "B06"]
[WhiteElo "2397"]
[BlackElo "2420"]
[WhiteEngine "stockfish_18010422_x64_modern_CTG"]
[BlackEngine "asmFishW_2017-11-19_popcnt_CTG"]
[EventType "Swiss"]
[WhiteTeam ""]
[BlackTeam ""]
[PlyCount "140"]
[TimeControl "720+1"]

1. e4 g6 2. d4 Bg7 3. Nc3 d6 4. Be3 Nf6 5. Qd2 c6 6. Bh6 Bxh6 7. Qxh6 Qa5 
8. Bd3 c5 9. Nf3 cxd4 10. Nxd4 Nc6 11. Bb5 Bd7 12. Nb3 Qb6 13. f3 Nb8 
14. Be2 Nc6 15. O-O-O O-O-O 16. Kb1 Kb8 17. Rhe1 Rc8 18. Qd2 Rhd8 19. h3 Be6 
20. g4 Ne5 21. f4 Nc4 22. Qd4 Nd7 23. Bd3 Qxd4 24. Nxd4 Ncb6 25. Bb5 Nc5 
26. Bf1 Bd7 27. f5 e6 28. Re3 d5 29. fxe6 Bxe6 30. Nxe6 fxe6 31. exd5 Nxd5 
32. Nxd5 exd5 33. c3 Re8 34. Rxe8 Rxe8 35. Kc1 Ne6 36. Rxd5 Nf4 37. Rd7 Re1+ 
38. Rd1 Re3 39. Kd2 Rg3 40. Re1 Rg1 41. Re8+ Kc7 42. Bc4 Nxh3 43. Re7+ Kc6 
44. Rxh7 Rxg4 45. Be2 Rg3 46. Bd3 Rg2+ 47. Ke3 Rg3+ 48. Kd2 Rg2+ 49. Ke1 Rg1+ 
50. Ke2 Nf4+ 51. Kf2 Ra1 52. Be4+ Kd6 53. a3 b5 54. Rxa7 Ra2 55. Ke3 g5 
56. b4 Re2+ 57. Kf3 Re1 58. Ra8 Rf1+ 59. Kg4 Ne2 60. Kxg5 Nxc3 61. Ra6+ Ke5 
62. Ba8 Rg1+ 63. Kh4 Ra1 64. Bc6 Nb1 65. Ra5 Nxa3 66. Bxb5 Rh1+ 67. Kg3 Nxb5 
68. Rxb5+ Kd4 69. Kg4 Rg1+ 70. Kf3 Ra1 1/2-1/2

[Event "Friday 12 January Rapid Engine Tour12+1 Rponds 9 Starts 1600 ST"]
[Site "Infinity Chess"]
[Date "2018.1.12"]
[Round "9"]
[White "SkyPilot"]
[Black "CrapCleaner"]
[Result "1/2-1/2"]
[ECO "C53"]
[WhiteElo "2432"]
[BlackElo "2413"]
[WhiteEngine "stockfish_x64_bmi2_2018_01_01_CTG"]
[BlackEngine "komodo-11.01-64bit_CTG"]
[EventType "Swiss"]
[WhiteTeam ""]
[BlackTeam ""]
[PlyCount "102"]
[TimeControl "720+1"]

1. e4 e5 2. Nf3 Nc6 3. Bc4 Bc5 4. c3 Nf6 5. d3 d6 6. O-O O-O 7. Bg5 h6 8. Bh4 g5 
9. Bg3 Bb6 10. Nbd2 g4 11. Nh4 Nh5 12. Bd5 Qg5 13. Nc4 Ne7 14. Nxb6 axb6 
15. Bb3 b5 16. d4 Nc6 17. dxe5 dxe5 18. Qd5 Ra5 19. Nf5 Nf4 20. Qd1 Rd8 
21. Qe1 Bxf5 22. exf5 b4 23. cxb4 Raa8 24. b5 Nd4 25. Qxe5 Nfe2+ 26. Kh1 Nxb3 
27. axb3 Rxa1 28. Rxa1 Qd2 29. h4 gxh3 30. Bh4 Rc8 31. gxh3 Kh7 32. Qe3 Qd5+ 
33. f3 Qxb5 34. Qe7 Rg8 35. Qxf7+ Rg7 36. Qe6 Nd4 37. Qe4 Qxf5 38. Qxf5+ Nxf5 
39. Bf2 Rd7 40. Ra7 Rd2 41. Kg1 Nd6 42. Bc5 Kg6 43. Bxd6 cxd6 44. b4 b6 
45. Ra6 b5 46. Kf1 Kg5 47. Ke1 Rxb2 48. Rxd6 Kf4 49. Rxh6 Kxf3 50. Rf6+ Kg3 
51. Rg6+ Kxh3 1/2-1/2

[Event "Friday 12 January Rapid Engine Tour12+1 Rponds 9 Starts 1600 ST"]
[Site "Infinity Chess"]
[Date "2018.1.12"]
[Round "9"]
[White "KillBill2017"]
[Black "IronMan"]
[Result "1/2-1/2"]
[ECO "C55"]
[WhiteElo "2398"]
[BlackElo "2422"]
[WhiteEngine "asmFishW_2018-01-12_popcnt_CTG"]
[BlackEngine "Stockfish SL FA PB BMI2"]
[EventType "Swiss"]
[WhiteTeam ""]
[BlackTeam ""]
[PlyCount "113"]
[TimeControl "720+1"]

1. e4 e5 2. Nf3 Nc6 3. Bc4 Nf6 4. d3 Bc5 5. c3 d6 6. O-O h6 7. b4 Bb6 8. a4 a5 
9. b5 Ne7 10. Be3 Bxe3 11. fxe3 Ng6 12. Bb3 c6 13. c4 O-O 14. Nc3 Be6 
15. Rc1 Rc8 16. Qe1 Qe7 17. h3 Nd7 18. Qf2 f5 19. exf5 Bxf5 20. Bc2 Rce8 
21. Qg3 Nf6 22. Nd2 Nh5 23. Qe1 Be6 24. Rxf8+ Rxf8 25. Kh2 d5 26. bxc6 bxc6 
27. cxd5 cxd5 28. Bb3 e4 29. d4 Rf5 30. Bd1 Rg5 31. Ne2 Kh7 32. Kh1 Qd7 
33. Kh2 Ne7 34. Rc5 Ng6 35. Rc1 Qd6+ 36. Kh1 Qa3 37. Nf1 Rf5 38. Rc5 Ne5 
39. Kg1 Rg5 40. Qc3 Bxh3 41. dxe5 Rxg2+ 42. Kh1 Qa2 43. Nd2 Rxe2 44. Bxe2 Ng3+ 
45. Kh2 Nxe2 46. Qc2 Qa1 47. Nxe4 Bf5 48. Ng5+ Kg6 49. Qxe2 Qxe5+ 50. Kg1 Qg3+ 
51. Kf1 hxg5 52. Rc6+ Kh7 53. Qh5+ Kg8 54. Qe8+ Kh7 55. Qh5+ Kg8 56. Qe8+ Kh7 
57. Qh5+ 1/2-1/2

[Event "Friday 12 January Rapid Engine Tour12+1 Rponds 9 Starts 1600 ST"]
[Site "Infinity Chess"]
[Date "2018.1.12"]
[Round "9"]
[White "Thinker"]
[Black "RonWeasley"]
[Result "1/2-1/2"]
[ECO "C11"]
[WhiteElo "2449"]
[BlackElo "2433"]
[WhiteEngine "BrainFish_180106_x64_modern_CTG"]
[BlackEngine "BrainFish 060118_CTG"]
[EventType "Swiss"]
[WhiteTeam ""]
[BlackTeam ""]
[PlyCount "112"]
[TimeControl "720+1"]

1. e4 e6 2. d4 d5 3. Nc3 Nf6 4. e5 Nfd7 5. f4 c5 6. Nf3 Nc6 7. Be3 cxd4 
8. Nxd4 Qb6 9. Qd2 Qxb2 10. Rb1 Qa3 11. Bb5 Nxd4 12. Bxd4 a6 13. Bxd7+ Bxd7 
14. Rb3 Qe7 15. Rxb7 Rc8 16. O-O Qd8 17. Qf2 Rxc3 18. Bxc3 Qc8 19. Rb3 Ba4 
20. Bd4 Bxb3 21. axb3 Be7 22. c3 O-O 23. b4 Qc6 24. h3 Bd8 25. f5 f6 
26. fxe6 Qxe6 27. Kh1 h6 28. exf6 Bxf6 29. Re1 Qc6 30. Bxf6 Qxf6 31. Qd2 Kh7 
32. Qc2+ Kh8 33. Qd3 Qd6 34. Kg1 Qf6 35. Kh1 Qd6 36. Rd1 Re8 37. c4 Qxb4 
38. Qxd5 a5 39. c5 a4 40. c6 Qc3 41. Kh2 a3 42. Rd3 Qf6 43. Rd2 Kh7 44. Qd3+ Kh8 
45. Rc2 Qe7 46. g3 Rd8 47. Qc4 Qe5 48. c7 Rc8 49. Kg2 Qd6 50. g4 Kh7 51. h4 a2 
52. Rxa2 Rxc7 53. Qe4+ g6 54. h5 Rf7 55. hxg6+ Qxg6 56. Qxg6+ Kxg6 1/2-1/2

[Event "Friday 12 January Rapid Engine Tour12+1 Rponds 9 Starts 1600 ST"]
[Site "Infinity Chess"]
[Date "2018.1.12"]
[Round "9"]
[White "KhalidOmar"]
[Black "KULLANI"]
[Result "1/2-1/2"]
[ECO "C50"]
[WhiteElo "2451"]
[BlackElo "2431"]
[WhiteEngine "Eman 1.61a 64-bit BMI2"]
[BlackEngine "BrainFish_180106_x64_CTG"]
[EventType "Swiss"]
[WhiteTeam ""]
[BlackTeam ""]
[PlyCount "126"]
[TimeControl "720+1"]

1. e4 e5 2. Nf3 Nc6 3. Bc4 Bc5 4. O-O Nf6 5. d3 d6 6. c3 a5 7. Re1 h6 
8. Nbd2 O-O 9. h3 Be6 10. a4 Bxc4 11. Nxc4 Re8 12. Be3 Bxe3 13. Nxe3 b6 
14. Qb3 Qc8 15. Rad1 Ne7 16. Qc2 Ng6 17. c4 Qd8 18. b3 Nh7 19. Nd5 c6 
20. Ne3 Ng5 21. Nxg5 Qxg5 22. g3 Rad8 23. Nf5 Nf8 24. h4 Qh5 25. Kg2 Ne6 
26. f3 d5 27. cxd5 cxd5 28. Qb2 f6 29. b4 Kh7 30. bxa5 bxa5 31. Rf1 Qf7 
32. Qb6 dxe4 33. dxe4 Nd4 34. Nxd4 Qa2+ 35. Kh3 Qxa4 36. Nb3 Rb8 37. Qxa5 Qxb3 
38. Qd5 Qxd5 39. exd5 Rb6 40. f4 Rd6 41. Rfe1 e4 42. g4 g6 43. Kg3 f5 
44. h5 fxg4 45. Kxg4 gxh5+ 46. Kxh5 Kg8 47. Re3 Kf7 48. f5 Kf6 49. Re2 Rdd8 
50. Kg4 Ke5 51. d6 Rg8+ 52. Kh4 Kxf5 53. d7 Rg4+ 54. Kh5 Rg5+ 55. Kh4 Kf4 
56. Rf1+ Ke5 57. Rf7 Ke6 58. Rf1 Rxd7 59. Rxe4+ Kd5 60. Rd1+ Kxe4 61. Rxd7 Rg1 
62. Ra7 Kf5 63. Ra5+ Kf6 1/2-1/2

[Event "Friday 12 January Rapid Engine Tour12+1 Rponds 9 Starts 1600 ST"]
[Site "Infinity Chess"]
[Date "2018.1.12"]
[Round "9"]
[White "Neoxium"]
[Black "Time_bandit"]
[Result "1/2-1/2"]
[ECO "A06"]
[WhiteElo "2448"]
[BlackElo "2453"]
[WhiteEngine "Stockfish SL FA PB BMI2"]
[BlackEngine "asmFishW_2017-11-19_popcnt"]
[EventType "Swiss"]
[WhiteTeam ""]
[BlackTeam ""]
[PlyCount "89"]
[TimeControl "720+1"]

1. Nf3 d5 2. d4 Nf6 3. c4 e6 4. Nc3 c6 5. e3 Nbd7 6. Be2 Bd6 7. b3 b6 8. Qc2 Bb7 
9. Bb2 O-O 10. O-O Qe7 11. Rfe1 Rfe8 12. e4 Nxe4 13. Nxe4 dxe4 14. Qxe4 Nf6 
15. Qc2 Rad8 16. Bf1 h6 17. g3 Bb4 18. Re3 Ba3 19. Bc3 Qd6 20. Nh4 Bb4 
21. Bb2 Qc7 22. Qe2 Bf8 23. Bg2 b5 24. Rd1 bxc4 25. bxc4 Ba6 26. Qc2 Rb8 
27. c5 Nd5 28. Ra3 Red8 29. Bxd5 Rxd5 30. Rxa6 Qb7 31. Qb3 Qc8 32. Qa4 Rxb2 
33. Rxa7 e5 34. Ra8 Qe6 35. Qa3 Rxd4 36. Rxd4 Rb1+ 37. Kg2 exd4 38. Qf3 Re1 
39. Qf4 Qe2 40. Qb8 Kh7 41. Qxf8 Qf1+ 42. Kf3 Qe2+ 43. Kg2 Qf1+ 44. Kf3 Qe2+ 
45. Kg2 1/2-1/2

[Event "Friday 12 January Rapid Engine Tour12+1 Rponds 9 Starts 1600 ST"]
[Site "Infinity Chess"]
[Date "2018.1.12"]
[Round "9"]
[White "Cepri"]
[Black "Dovahkiin"]
[Result "1/2-1/2"]
[ECO "C11"]
[WhiteElo "2462"]
[BlackElo "2444"]
[WhiteEngine "BrainFish_180106_x64"]
[BlackEngine "BrainFish_180106_x64_modern_CTG"]
[EventType "Swiss"]
[WhiteTeam ""]
[BlackTeam ""]
[PlyCount "128"]
[TimeControl "720+1"]

1. e4 e6 2. d4 d5 3. Nc3 Nf6 4. e5 Nfd7 5. f4 c5 6. Nf3 Nc6 7. Be3 cxd4 
8. Nxd4 Qb6 9. Qd2 Qxb2 10. Rb1 Qa3 11. Bb5 Nxd4 12. Bxd4 a6 13. Bxd7+ Bxd7 
14. Rb3 Qe7 15. Rxb7 Rc8 16. O-O Qd8 17. Qe3 Rc4 18. Rfb1 Be7 19. f5 Bg5 
20. Qd3 O-O 21. Ne4 Bc8 22. Bb6 Be3+ 23. Qxe3 Qh4 24. Nf6+ gxf6 25. Rc7 exf5 
26. Rxc4 dxc4 27. exf6 Kh8 28. Bc7 Rg8 29. Bg3 Qg4 30. c3 Bd7 31. Qf4 Qe2 
32. Rb8 Qd1+ 33. Kf2 Qc2+ 34. Kg1 Qd1+ 35. Qf1 Qg4 36. Rb6 Qe4 37. Qf4 Qd3 
38. Qd4 Qxd4+ 39. cxd4 c3 40. Rxa6 c2 41. Bf4 Rc8 42. Bc1 h5 43. Ra7 Be6 
44. Kf2 Kh7 45. Ra5 Rd8 46. Ke3 Bd5 47. g3 Kg6 48. a4 Kxf6 49. Rb5 Be4 
50. a5 Ke6 51. Ba3 Rd5 52. Rxd5 Kxd5 53. Kd2 Kxd4 54. a6 Kd5 55. a7 Kd4 
56. h4 Ke5 57. Bb2+ Kd6 58. Ke3 Bd5 59. Kf4 Kc7 60. Kg5 Bf3 61. Kf4 Bd5 
62. Kg5 Bf3 63. Kf4 Bg2 64. Kg5 Bf3 1/2-1/2

[Event "Friday 12 January Rapid Engine Tour12+1 Rponds 9 Starts 1600 ST"]
[Site "Infinity Chess"]
[Date "2018.1.12"]
[Round "9"]
[White "THE_MACHINE"]
[Black "Vimtiroba"]
[Result "1/2-1/2"]
[ECO "C50"]
[WhiteElo "2482"]
[BlackElo "2463"]
[WhiteEngine "Houdini 6"]
[BlackEngine "AsmFish@J10V3_CTG"]
[EventType "Swiss"]
[WhiteTeam ""]
[BlackTeam ""]
[PlyCount "110"]
[TimeControl "720+1"]

1. e4 e5 2. Nf3 Nc6 3. Bc4 Bc5 4. O-O Nf6 5. d3 d6 6. c3 a5 7. Re1 O-O 
8. Nbd2 Ba7 9. h3 Be6 10. Bb5 Ne7 11. d4 Ng6 12. Ba4 Nh5 13. Nf1 c6 14. Ne3 exd4 
15. Nxd4 Nhf4 16. Nef5 Bxd4 17. Nxd4 d5 18. Bxf4 Nxf4 19. Qf3 Qg5 20. Kh2 h5 
21. Rad1 h4 22. Kh1 g6 23. Bb3 a4 24. Bc2 Rfe8 25. a3 Kg7 26. Bd3 Bd7 
27. exd5 Nxd5 28. Bf1 Nf6 29. Qd3 c5 30. Nf3 Qh5 31. Rxe8 Rxe8 32. Re1 Rxe1 
33. Nxe1 Bc6 34. Kg1 Nd7 35. Qe3 Qd1 36. f4 Qb1 37. Qd2 Qe4 38. Nf3 Nf6 
39. Bd3 Qd5 40. Qe3 c4 41. Be2 Qb5 42. Qd2 Bxf3 43. Bxf3 Qc5+ 44. Qf2 Qb5 
45. Qd2 Qb6+ 46. Kf1 Qb5 47. Ke2 Nh5 48. Bxh5 Qxh5+ 49. Kf2 Qc5+ 50. Ke2 Kf6 
51. Kf3 Kg7 52. Ke2 Kf6 53. Kf3 Kg7 54. Qd7 Qg1 55. Qd2 Qc5 1/2-1/2

[Event "Friday 12 January Rapid Engine Tour12+1 Rponds 9 Starts 1600 ST"]
[Site "Infinity Chess"]
[Date "2018.1.12"]
[Round "9"]
[White "Eman"]
[Black "Deep_Impact"]
[Result "1/2-1/2"]
[ECO "C50"]
[WhiteElo "2469"]
[BlackElo "2502"]
[WhiteEngine "Eman 1.61a 64-bit POPCNT"]
[BlackEngine "BrainFish_171226_x64_modern"]
[EventType "Swiss"]
[WhiteTeam ""]
[BlackTeam ""]
[PlyCount "80"]
[TimeControl "720+1"]

1. e4 e5 2. Nf3 Nc6 3. Bc4 Bc5 4. O-O Nf6 5. d3 d6 6. c3 h6 7. b4 Bb6 8. a4 a5 
9. b5 Ne7 10. Be3 Bxe3 11. fxe3 O-O 12. Bb3 c6 13. c4 Ng6 14. Nc3 Re8 
15. Qe2 Be6 16. Rac1 Rc8 17. h3 Rf8 18. Nd2 Nd7 19. Qe1 Qe7 20. Bc2 Qg5 
21. Kh2 h5 22. Rb1 Qh6 23. Kh1 h4 24. Rf2 Ne7 25. d4 Nf6 26. bxc6 bxc6 
27. Rb7 exd4 28. exd4 Rfe8 29. Kg1 d5 30. c5 Rb8 31. Rxb8 Rxb8 32. Nf3 Rb4 
33. e5 Ne4 34. Nxe4 dxe4 35. Qxe4 Nf5 36. Qxc6 Qc1+ 37. Kh2 Qf4+ 38. Kg1 Qc1+ 
39. Kh2 Qf4+ 40. Kg1 Qc1+ 1/2-1/2

[Event "Friday 12 January Rapid Engine Tour12+1 Rponds 9 Starts 1600 ST"]
[Site "Infinity Chess"]
[Date "2018.1.12"]
[Round "9"]
[White "Wolle"]
[Black "Harry_Potter"]
[Result "0-1"]
[ECO "C53"]
[WhiteElo "2473"]
[BlackElo "2503"]
[WhiteEngine "Raubfisch X37a2_CTG"]
[BlackEngine "asmFishW_2018-01-11_bmi2_CTG"]
[EventType "Swiss"]
[WhiteTeam ""]
[BlackTeam ""]
[PlyCount "228"]
[TimeControl "720+1"]

1. e4 e5 2. Nf3 Nc6 3. Bc4 Bc5 4. c3 Nf6 5. d3 d6 6. O-O a5 7. Bg5 Ba7 8. Bh4 h6 
9. Nbd2 Qe7 10. a3 g5 11. Bg3 Nd7 12. Bb5 h5 13. h3 g4 14. Nh4 gxh3 15. gxh3 Nf6 
16. Qa4 Kf8 17. Kg2 Nd8 18. Bc4 Ne6 19. Nf5 Qd8 20. Bxe6 Bxe6 21. Bh4 Rg8+ 
22. Kh1 Qd7 23. Qxd7 Nxd7 24. Rg1 f6 25. Rxg8+ Bxg8 26. Rg1 Bh7 27. Kg2 d5 
28. Kf3 Bxf5 29. exf5 Kf7 30. Ke2 Bc5 31. a4 Bf8 32. b3 Nb8 33. Nf1 Nc6 
34. Ng3 Bc5 35. Rf1 Rb8 36. Rg1 Be7 37. Kd2 Ba3 38. Rf1 Bd6 39. Ne2 Re8 
40. Rg1 Ne7 41. Ng3 Ra8 42. Rc1 c6 43. c4 Rd8 44. c5 Bc7 45. Rg1 Rh8 46. Rf1 Rb8 
47. Rg1 Rh8 48. Rf1 Rg8 49. Kc2 Bb8 50. b4 axb4 51. Kb3 Ba7 52. Kxb4 b6 
53. cxb6 Bxb6 54. Nxh5 Rh8 55. Bxf6 Rxh5 56. Bxe5 Rxf5 57. f4 Ng6 58. Bb8 Be3 
59. h4 Nf8 60. Bd6 Nd7 61. Kb3 Rh5 62. a5 Rxh4 63. Re1 Ke6 64. Ba3 d4 65. a6 Rh8 
66. Bc1 Kd5 67. Bxe3 Nc5+ 68. Kc2 dxe3 69. Kc3 Ra8 70. Rxe3 Rxa6 71. Re5+ Kd6 
72. Rf5 Ne6 73. Rf7 Ra3+ 74. Kd2 Nc5 75. Rf6+ Kd5 76. Rf5+ Kd4 77. Rf6 Rxd3+ 
78. Kc1 Rc3+ 79. Kd1 Nb3 80. Re6 Kd3 81. Ke1 Rc4 82. f5 Nd4 83. Rf6 Nxf5 
84. Rxf5 Rc1+ 85. Kf2 c5 86. Rd5+ Kc4 87. Rf5 Kb3 88. Ke3 c4 89. Kd2 Rc2+ 
90. Kd1 Kc3 91. Rf6 Rg2 92. Ra6 Rg1+ 93. Ke2 Kc2 94. Kf2 Rb1 95. Ra2+ Rb2 
96. Ra3 Rb8 97. Rg3 c3 98. Ke2 Kb2 99. Rg2 c2 100. Kd3 Rd8+ 101. Ke4 Kc3 
102. Rg1 Rd1 103. Rg3+ Kb4 104. Rg8 c1=Q 105. Rb8+ Ka5 106. Ra8+ Kb6 
107. Rb8+ Kc7 108. Rb4 Re1+ 109. Kf3 Qc3+ 110. Kg4 Qxb4+ 111. Kf3 Qe4+ 
112. Kg3 Rg1+ 113. Kf2 Rg2+ 114. Kf1 Qe2# 0-1

[Event "Friday 12 January Rapid Engine Tour12+1 Rponds 9 Starts 1600 ST"]
[Site "Infinity Chess"]
[Date "2018.1.12"]
[Round "9"]
[White "neófito"]
[Black "Katzenmaier"]
[Result "1/2-1/2"]
[ECO "D31"]
[WhiteElo "2433"]
[BlackElo "2483"]
[WhiteEngine "BrainFish_180106_x64_bmi2_CTG"]
[BlackEngine "S_XPrO.251117.x64.POPCNT_CTG"]
[EventType "Swiss"]
[WhiteTeam ""]
[BlackTeam ""]
[PlyCount "89"]
[TimeControl "720+1"]

1. d4 d5 2. c4 e6 3. Nc3 c6 4. e4 dxe4 5. Nxe4 Bb4+ 6. Nc3 c5 7. Nf3 Nf6 
8. Be2 Ne4 9. Qd3 Qa5 10. Qxe4 Bxc3+ 11. Kf1 Bxd4 12. Nxd4 cxd4 13. Qxd4 O-O 
14. Bd2 Nc6 15. Bxa5 Nxd4 16. Bd3 e5 17. Rd1 Bf5 18. Bxf5 Nxf5 19. g4 Nh4 
20. Ke2 f5 21. Rhg1 Rf7 22. Rd8+ Rxd8 23. Bxd8 Ng6 24. Bg5 fxg4 25. Rxg4 h5 
26. Rg3 Nf4+ 27. Kd2 a6 28. b3 Rf5 29. Bxf4 Rxf4 30. Ke3 Rh4 31. h3 Kf7 
32. Rf3+ Ke6 33. Rg3 b5 34. cxb5 axb5 35. a3 Kf5 36. Rxg7 Rxh3+ 37. f3 Rh1 
38. Rh7 Rh2 39. Rh8 Kf6 40. a4 bxa4 41. bxa4 Kf7 42. a5 Ra2 43. Rxh5 Rxa5 
44. Rh1 Ke8 45. Rh8+ 1/2-1/2

[Event "Friday 12 January Rapid Engine Tour12+1 Rponds 9 Starts 1600 ST"]
[Site "Infinity Chess"]
[Date "2018.1.12"]
[Round "9"]
[White "Marsell"]
[Black "localhero"]
[Result "1/2-1/2"]
[ECO "C55"]
[WhiteElo "2484"]
[BlackElo "2438"]
[WhiteEngine "asmFishW_2018-01-11_popcnt"]
[BlackEngine "asmFishW_2017-10-04_popcnt"]
[EventType "Swiss"]
[WhiteTeam ""]
[BlackTeam ""]
[PlyCount "85"]
[TimeControl "720+1"]

1. e4 e5 2. Nf3 Nc6 3. Bc4 Nf6 4. d3 Bc5 5. c3 d6 6. O-O a5 7. Bg5 Ba7 
8. Nbd2 h6 9. Bh4 Qe7 10. Bb5 O-O 11. Nc4 g5 12. Bg3 Nb8 13. Ba4 Be6 
14. Ne3 Bxe3 15. fxe3 Nbd7 16. Bc2 Bg4 17. h3 Bh5 18. c4 Qe6 19. Qd2 c6 
20. Rac1 Rfc8 21. a4 Bg6 22. b3 b6 23. Rf2 b5 24. Rcf1 Rcb8 25. Qc3 g4 
26. hxg4 Nxg4 27. Re2 bxa4 28. bxa4 Rb4 29. Nh4 Ndf6 30. Qa1 Rab8 31. Be1 Rb2 
32. Nxg6 fxg6 33. Bc3 Rxc2 34. Rxc2 Nxe3 35. Rb2 Rxb2 36. Qxb2 Nxf1 37. Kxf1 Qg4 
38. Qb8+ Kf7 39. Qc7+ Kg8 40. Qd8+ Kf7 41. Qc7+ Kg8 42. Qd8+ Kf7 43. Qc7+ 
1/2-1/2

[Event "Friday 12 January Rapid Engine Tour12+1 Rponds 9 Starts 1600 ST"]
[Site "Infinity Chess"]
[Date "2018.1.12"]
[Round "9"]
[White "Thor"]
[Black "Gilgamesch"]
[Result "1/2-1/2"]
[ECO "C50"]
[WhiteElo "2467"]
[BlackElo "2500"]
[WhiteEngine "asmFishW_2017-11-19_bmi2"]
[BlackEngine "BrainFish_171005_x64_bmi2"]
[EventType "Swiss"]
[WhiteTeam ""]
[BlackTeam ""]
[PlyCount "74"]
[TimeControl "720+1"]

1. e4 e5 2. Nf3 Nc6 3. Bc4 Bc5 4. O-O Nf6 5. d3 d6 6. c3 O-O 7. Nbd2 a5 
8. Re1 Ba7 9. h3 Be6 10. Bb5 Ne7 11. d4 Ng6 12. Ba4 Nh5 13. Nf1 exd4 
14. Nxd4 Nhf4 15. Ng3 Bxd4 16. cxd4 d5 17. Qf3 Qh4 18. Bc2 c6 19. Bxf4 Qxf4 
20. Qxf4 Nxf4 21. e5 f6 22. Ne2 fxe5 23. Nxf4 Rxf4 24. Rxe5 Bf7 25. Rd1 Re8 
26. Rxe8+ Bxe8 27. g3 Rf6 28. Re1 Kf7 29. h4 Bd7 30. Bxh7 g6 31. Kg2 Bg4 
32. Re3 Bd1 33. f3 Kg7 34. Re7+ Kf8 35. Re3 Kg7 36. Re7+ Kf8 37. Re3 Kg7 1/2-1/2

[Event "Friday 12 January Rapid Engine Tour12+1 Rponds 9 Starts 1600 ST"]
[Site "Infinity Chess"]
[Date "2018.1.12"]
[Round "9"]
[White "Murx"]
[Black "angriff"]
[Result "1/2-1/2"]
[ECO "A40"]
[WhiteElo "2488"]
[BlackElo "2431"]
[WhiteEngine "BrainFish_171226_x64_modern"]
[BlackEngine "SF_64BIT_POPCNT_CTG"]
[EventType "Swiss"]
[WhiteTeam ""]
[BlackTeam ""]
[PlyCount "56"]
[TimeControl "720+1"]

1. d4 c6 2. e4 d5 3. e5 c5 4. Nf3 cxd4 5. Nxd4 Nc6 6. Nxc6 bxc6 7. Bd3 e6 
8. O-O Ne7 9. Be3 Ng6 10. f4 c5 11. b3 Be7 12. Nd2 d4 13. Bf2 Nxf4 14. Qg4 Nxd3 
15. Qxg7 Kd7 16. cxd3 Qg8 17. Qxg8 Rxg8 18. Bg3 Ba6 19. Rxf7 Raf8 20. Rxf8 Rxf8 
21. Nc4 Bxc4 22. bxc4 Rb8 23. h4 Rb2 24. Rf1 Ke8 25. Rf2 Rb1+ 26. Rf1 Rb2 
27. Rf2 Rb1+ 28. Rf1 Rb2 1/2-1/2

[Event "Friday 12 January Rapid Engine Tour12+1 Rponds 9 Starts 1600 ST"]
[Site "Infinity Chess"]
[Date "2018.1.12"]
[Round "8"]
[White "MedusaV3"]
[Black "CrapCleaner"]
[Result "0-1"]
[ECO "C39"]
[WhiteElo "2347"]
[BlackElo "2399"]
[WhiteEngine "komodo-11.2.2-64bit"]
[BlackEngine "komodo-11.01-64bit_CTG"]
[EventType "Swiss"]
[WhiteTeam ""]
[BlackTeam ""]
[PlyCount "80"]
[TimeControl "720+1"]

1. e4 e5 2. f4 exf4 3. Nf3 g5 4. h4 g4 5. Ne5 Nf6 6. Bc4 d5 7. exd5 Bd6 
8. O-O Bxe5 9. Re1 Qe7 10. c3 Nbd7 11. d4 Nh5 12. Qxg4 Ndf6 13. Qxc8+ Rxc8 
14. Rxe5 Rd8 15. Bb5+ Kf8 16. Rxe7 Kxe7 17. Na3 Rdg8 18. Be2 Rg3 19. Bf3 Rhg8 
20. Kf2 Ng4+ 21. Ke2 Kd8 22. Rb1 Re8+ 23. Kd2 Re3 24. Nc4 Rgxf3 25. gxf3 Rxf3 
26. b4 Nhf6 27. Kc2 Nxd5 28. Bd2 b5 29. Ne5 Nxe5 30. dxe5 Ke7 31. Rg1 Ke6 
32. Rg8 Kxe5 33. Re8+ Kf5 34. Rh8 Ne3+ 35. Kd3 Rh3 36. Ke2 Rh2+ 37. Kf3 Rxd2 
38. Rxh7 Kg6 39. Rh8 Nd5 40. Ke4 f5+ 0-1

[Event "Friday 12 January Rapid Engine Tour12+1 Rponds 9 Starts 1600 ST"]
[Site "Infinity Chess"]
[Date "2018.1.12"]
[Round "8"]
[White "hafaba"]
[Black "Neoxium"]
[Result "0-1"]
[ECO ""]
[WhiteElo "2399"]
[BlackElo "2433"]
[WhiteEngine "SF_McBRAIN64BIT_POPCNT_CTG"]
[BlackEngine "Stockfish SL FA PB BMI2"]
[EventType "Swiss"]
[WhiteTeam ""]
[BlackTeam ""]
[PlyCount "160"]
[TimeControl "720+1"]

1. e3 Nf6 2. Nf3 d5 3. c4 e6 4. d4 Be7 5. Be2 O-O 6. O-O b6 7. b3 dxc4 
8. Bxc4 Nbd7 9. Bb2 Bb7 10. Nbd2 c5 11. Rc1 a6 12. a4 cxd4 13. Nxd4 Rc8 
14. Bxe6 fxe6 15. Nxe6 Qe8 16. Rxc8 Qxc8 17. Nxf8 Bxf8 18. Bd4 a5 19. Nc4 Bd5 
20. Qc2 Ne4 21. Rc1 Qb7 22. f3 Nec5 23. h3 Qa6 24. e4 Bxc4 25. bxc4 Qc8 
26. Ra1 Be7 27. Qd1 Kf8 28. Bc3 Qc7 29. Qd5 Bf6 30. Qa8+ Qd8 31. Qxd8+ Bxd8 
32. e5 g5 33. Ra3 Bc7 34. Bd2 Nxe5 35. Bxg5 Nxc4 36. Ra2 Be5 37. Bc1 Nd3 
38. Rc2 Ncb2 39. Rc8+ Ke7 40. Bg5+ Ke6 41. Rd8 Bd6 42. Kf1 Nxa4 43. f4 Nac5 
44. f5+ Kd5 45. Ke2 Ne5 46. Be7 Nb7 47. Re8 a4 48. f6 a3 49. Bxd6 Nxd6 
50. Ra8 Ndc4 51. Kd1 Ke6 52. Kc2 Nc6 53. Re8+ Kxf6 54. Kb3 b5 55. Re1 Kg5 
56. g3 Nd4+ 57. Kc3 Nd2 58. Re8 b4+ 59. Kxd4 a2 60. Rg8+ Kh5 61. Ra8 a1=Q+ 
62. Rxa1 Nb3+ 63. Kd3 Nxa1 64. Kd4 Nb3+ 65. Ke3 Nc5 66. Kd4 b3 67. g4+ Kh4 
68. Kc3 Kxh3 69. g5 Kh4 70. Kb4 Kxg5 71. Kc4 b2 72. Kxc5 b1=Q 73. Kc4 h5 
74. Kc5 h4 75. Kd6 Kf6 76. Kc5 h3 77. Kd6 h2 78. Kc5 h1=Q 79. Kd6 Qb6+ 
80. Kd7 Qhc6# 0-1